 Dungeon Crawl Stone Soup version 0.18.1-50-g88ac8fd (webtiles) character file.

25746 Gargoyl the Protected (level 12, -3/89 HPs)
             Began as a Demonspawn Abyssal Knight on Oct 7, 2016.
             Was a High Priest of Lugonu.
             Slain by Sonja
             ... wielding a +0 dagger of distortion
              (18 damage)
             ... on level 4 of the Lair of Beasts.
             The game lasted 00:39:32 (18988 turns).

Gargoyl the Protected (Demonspawn Abyssal Knight)  Turns: 18988, Time: 00:39:34

Health: -3/89      AC: 38    Str: 16    XL:     12   Next: 92%
Magic:  18/19      EV:  9    Int: 20    God:    Lugonu [*****.]
Gold:   834        SH:  5    Dex: 16    Spells: 0 memorised, 11 levels left

rFire  + . .     SeeInvis .     v - +11 whip "Hienewe" {venom, +Inv rPois rF- Int+4}
rCold  . . .     Gourm    .     s - +0 plate armour
rNeg   . . .     Faith    +     m - +0 buckler
rPois  +         Spirit   .     G - +2 hat {MR+}
rElec  .         Dismiss  .     e - +2 cloak
rCorr  .         Reflect  .     H - +2 pair of gloves
SustAt .         Harm     .     S - +2 pair of boots
MR     +....                    O - amulet of faith
Stlth  ..........               U - +4 ring of protection
                                h - +1 ring of evasion

@: about to teleport, somewhat resistant to hostile enchantments, extremely
unstealthy
A: beak, hooves 2, horns 1, iridescent scales 2, agile 1, clever 1, fire
resistance 2, frail 1, shaggy fur 1, slow regeneration 1, evolution 1,
augmentation 1
a: Depart the Abyss, Bend Space, Banish, Corrupt, Enter the Abyss, Renounce
Religion, Evoke Invisibility


You were on level 4 of the Lair of Beasts.
You worshipped Lugonu.
Lugonu was extremely pleased with you.
You were not hungry.

You visited 2 branches of the dungeon, and saw 14 of its levels.
You visited the Abyss 3 times.
You also visited: Labyrinth and Ossuary.

You collected 1058 gold pieces.
You spent 224 gold pieces at shops.

Inventory:

Hand Weapons
 o - a +2 triple sword of holy wrath
 t - a +1 spear of venom
 v - the +11 whip "Hienewe" (weapon) {venom, +Inv rPois rF- Int+4}
   (You found it on level 6 of the Dungeon)

   It poisons the flesh of those it strikes.
   It affects your intelligence (+4).
   It makes you vulnerable to fire.
   It protects you from poison.
   It lets you turn invisible.
 A - a +2 hand axe
 D - a +7 war axe
Missiles
 q - 4 javelins (quivered)
Armour
 e - a +2 cloak (worn)
 m - a +0 buckler (worn)
 s - a +0 plate armour (worn)
 u - a +2 helmet
 y - a +1 cloak
 C - a +1 helmet
 G - a +2 hat of magic resistance (worn)
 H - a +2 pair of gloves (worn)
 S - a +2 pair of boots (worn)
Rods
 M - a +0 iron rod (9/9)
   (You found it on level 9 of the Dungeon)
 Y - a +4 iron rod (9/9)
   (You found it in a labyrinth)
Jewellery
 h - a +1 ring of evasion (left hand)
 n - an uncursed ring of protection from cold {unknown}
 O - an amulet of faith (around neck)
 U - a +4 ring of protection (right hand)
Wands
 b - a wand of flame (21/48)
 d - a wand of acid (8/15)
 X - a wand of digging (5/24)
Scrolls
 i - 12 scrolls of remove curse
 k - 6 scrolls of teleportation
 l - a scroll of fog
 p - a scroll of blinking
 I - a scroll of identify
Potions
 a - 2 potions of invisibility
 f - 2 potions of brilliance
 g - a potion of cure mutation {unknown}
 r - 5 potions of curing
 w - 5 potions of flight
 x - 3 potions of agility
 B - 3 potions of ambrosia
 F - 2 potions of heal wounds
 L - 3 potions of mutation {unknown}
Comestibles
 c - 5 bread rations
 j - 12 meat rations
 z - 3 slices of pizza
 E - a royal jelly
 J - 2 fruits
 K - 4 chunks of flesh


   Skills:
 * Level 10.7 Fighting
 + Level 4.9(6.3) Axes
 + Level 6.0(6.9) Maces & Flails
 * Level 11.0 Armour
 + Level 4.8 Dodging
 + Level 4.3 Shields
 * Level 10.2 Invocations
 * Level 7.8 Evocations


You had 11 spell levels left.
You didn't know any spells.

Dungeon Overview and Level Annotations

Branches:
Dungeon (10/15)            Temple (0/1) D:7            Lair (4/8) D:8
  Swamp (0/4) Lair:4
  Snake: Lair:3-6    Spider: Lair:3-6       Orc: D:9-12

Altars:
Ashenzari
Makhleb
Nemelex Xobeh
Pakellas
Qazlal
Xom
The Shining One

Shops:
D:8 ?

Annotations:
D:5 1 runed door, Gargoyl's ghost, novice DsAK
Lair:4 Sonja


Innate Abilities, Weirdness & Mutations

You have hoof-like feet.
You are mostly covered in iridescent scales (AC +6).
Your flesh is very heat resistant.
Your magical and physical power is slightly enhanced at high health.
You have a beak for a mouth.
You have a pair of small horns on your head.
You are agile. (Dex +2)
Your mind is acute. (Int +2)
You are frail (-10% HP).
You are covered in fur (AC +1).
You regenerate slowly when monsters are visible.
You evolve.


Message History

Welcome back to the Lair of Beasts!
Level annotation: Sonja You feel somewhat more hungry.
Sonja hits you but does no damage. Space bends around you.
Sonja hits you but does no damage. You resist the pull of the Abyss.
Sonja hits you but does no damage. Space bends around you.
You block Sonja's attack. Sonja barely misses you.
Sonja hits you but does no damage. Space warps horribly around you!
* * * LOW HITPOINT WARNING * * *
Drink which item? (? for menu, Esc to quit)
You feel much better. Sonja hits you but does no damage.
You feel strangely unstable. Sonja hits you but does no damage.
Space warps horribly around you! Sonja hits you but does no damage.
Space bends around you.
You hit Sonja.
Sonja looks even sicker.
Sonja is heavily wounded.
Sonja barely misses you. Sonja hits you but does no damage.
Space warps horribly around you!
* * * LOW HITPOINT WARNING * * *
Sonja hits you but does no damage. Space warps horribly around you!
You die...

............♣P.♣P......♣....#####
..........P♣♣♣♣♣♣..♣♣♣♣♣....##...
..........♣.♣§.P♣P..♣.P.♣...#P...
.......§..♣.§.....♣P..P.♣........
.......§..§§♣♣.♣..PPP♣.♣.P...#...
........§§.P♣♣..♣♣.P♣P.P.♣...#...
..........§P♣♣♣...♣.♣♣♣P♣....#...
............♣P..♣.P.♣........#...
...........♣...K@♣.♣.........####
...........♣♣♣#.♣♣.♣♣♣......##.##
............ #'#.......♣♣........
...........♣##.##.P♣♣♣♣..P.......
..........♣♣#.[.#.♣....§.........
..........♣♣##.##♣..♣♣§♣♣♣.......
..........♣♣P#'#♣.♣♣.♣§P.........
..(.......♣.P)#♣.♣♣...§♣.♣...#..#
.........<.P.♣P.P....♣P§P...#..#.


You could see Sonja.

Vanquished Creatures
  Gastronok (D:8)
  A minotaur (Lab)
  A hydra (Lair:4)
  2 hill giants (D:10)
  Pikel (D:7)
  The ghost of CALLOUS the Summoner, a novice DsSu of Yredelemnul (D:9)
  A black mamba (Lair:1)
  Joseph (D:7)
  4 elephants (Lair:4)
  A smoke demon (Abyss:1)
  A gargoyle (D:10)
  2 spiny frogs
  2 komodo dragons
  A polar bear (Lair:4)
  3 blink frogs (Lair:1)
  2 spriggans (Lair:4)
  A wraith (D:10)
  A wyvern (D:10)
  35 yaks
  Grum (D:10)
  8 hippogriffs
  The ghost of Suttyogo the Firebug, an amateur OpFE (D:3)
  2 large abominations (Abyss:1)
  5 insubstantial wisps (Lair:4)
  Duvessa (D:7)
  4 porcupines
  8 water moccasins
  Purgy (D:3)
  3 orc warriors
  2 phantoms
  2 sky beasts
  A slave (D:7)
  2 black bears (Lair:4)
  3 ice beasts
  4 necrophages (D:9)
  2 ogres
  5 wolves
  A centaur (D:8)
  8 crocodiles
  9 giant frogs
  2 small abominations (Abyss:1)
  Dowan (D:7)
  12 scorpions
  5 killer bees (D:10)
  14 wights
  3 howler monkeys
  6 crimson imps
  A giant frog zombie (D:9)
  3 centaur zombies (Ossuary)
  4 hounds
  4 human zombies (Ossuary)
  A jelly (D:8)
  3 orc priests
  An orc wizard (D:10)
  3 centaur skeletons
  2 giant frog skeletons
  A gnoll shaman (D:6)
  Crazy Yiuf (D:7)
  Ijyb (D:3)
  5 iguanas
  4 worker ants
  12 sheep
  2 big kobold zombies (Ossuary)
  A howler monkey zombie (D:9)
  2 worker ant zombies (D:9)
  6 mummies
  22 gnolls
  6 adders
  28 river rats
  6 scorpion zombies (Ossuary)
  A shadow imp (D:7)
  2 oozes
  An adder skeleton (D:4)
  2 worms
  3 dart slugs
  4 giant geckos
  17 orcs
  10 bats
  5 giant cockroaches
  6 goblins
  7 hobgoblins
  13 jackals
  2 quokkas
  5 giant newts
  A gnoll zombie (Ossuary)
  2 goblin zombies (Ossuary)
  6 kobolds
  A kobold zombie (Ossuary)
  A quokka skeleton (D:6)
  8 rats
  3 fungi
397 creatures vanquished.

Vanquished Creatures (others)
  A kobold zombie (Ossuary)
  3 fungi
  2 plants (Lair:4)
6 creatures vanquished.

Grand Total: 403 creatures vanquished

Notes
Turn   | Place    | Note
--------------------------------------------------------------
     0 | Abyss:1  | Gargoyl the Demonspawn Abyssal Knight began the quest for the Orb.
     0 | Abyss:1  | Reached XP level 1. HP: 18/18 MP: 2/2
    83 | Abyss:2  | Noticed a ynoxinul
    83 | D:1      | Escaped the Abyss
   114 | D:1      | Reached skill level 1 in Dodging
   205 | D:1      | Gained mutation: You have large cloven feet. [demonic ancestry]
   205 | D:1      | Reached XP level 2. HP: 11/24 MP: 4/4
   702 | D:1      | Reached * piety under Lugonu
   979 | D:1      | Reached XP level 3. HP: 29/29 MP: 5/5
  1053 | D:2      | Reached skill level 2 in Armour
  1295 | D:3      | Gained mutation: You are partially covered in iridescent scales (AC +4). [demonic ancestry]
  1295 | D:3      | Reached XP level 4. HP: 14/35 MP: 6/6
  1823 | D:2      | Found a burning altar of Makhleb.
  1980 | D:2      | Gained mutation: You have hoof-like feet. [demonic ancestry]
  1980 | D:2      | Reached XP level 5. HP: 15/41 MP: 7/7
  2265 | D:2      | Reached ** piety under Lugonu
  2600 | D:2      | Reached skill level 3 in Armour
  2960 | D:3      | Noticed Suttyogo's ghost (amateur OpFE)
  2974 | D:3      | Killed Suttyogo's ghost
  2974 | D:3      | Reached skill level 1 in Evocations
  2974 | D:3      | Reached XP level 6. HP: 14/48 MP: 7/9
  3273 | D:3      | Noticed Purgy
  3934 | D:4      | Found an oddly glowing altar of Pakellas.
  4002 | D:4      | Reached XP level 7. HP: 31/55 MP: 10/10
  4451 | D:3      | Found a shimmering altar of Xom.
  4507 | D:3      | Noticed Ijyb
  4552 | D:3      | Killed Ijyb
  4898 | D:3      | Killed Purgy
  4898 | D:3      | Reached skill level 4 in Armour
  5131 | D:5      | Entered Level 5 of the Dungeon
  5362 | D:5      | Noticed Gargoyl's ghost (novice DsAK)
  5591 | D:5      | Found a glowing golden altar of the Shining One.
  5644 | D:5      | Reached *** piety under Lugonu
  5780 | D:5      | Found a runed door.
  6143 | D:6      | Found a stormy altar of Qazlal.
  6230 | D:6      | Found a sand-covered staircase.
  6239 | Ossuary  | Entered an ossuary
  6279 | Ossuary  | Reached skill level 5 in Fighting
  6560 | Ossuary  | Reached XP level 8. HP: 47/62 MP: 11/11
  6664 | Ossuary  | Reached skill level 5 in Invocations
  7061 | Ossuary  | Reached skill level 5 in Armour
  8597 | D:6      | Got a warped whip
  8598 | D:6      | Identified the +11 whip "Hienewe" {venom, +Inv rPois rF- Int+4} (You found it on level 6 of the Dungeon)
  8845 | D:6      | Gained mutation: Your flesh is heat resistant. [demonic ancestry]
  8845 | D:6      | Reached XP level 9. HP: 67/71 MP: 13/13
  9300 | D:7      | Noticed Crazy Yiuf
  9306 | D:7      | Killed Crazy Yiuf
  9306 | D:7      | Reached **** piety under Lugonu
  9340 | D:7      | Noticed Joseph
  9356 | D:7      | Killed Joseph
  9356 | D:7      | Reached skill level 1 in Shields
  9428 | D:7      | Found a sparkling altar of Nemelex Xobeh.
  9441 | D:7      | Reached skill level 1 in Maces & Flails
  9465 | D:7      | Gained mutation: You are agile. (Dex +2) [mutagenic meat]
  9466 | D:7      | Gained mutation: Your flesh is very heat resistant. [mutagenic meat]
  9467 | D:7      | Gained mutation: You have a beak for a mouth. [mutagenic meat]
  9468 | D:7      | Gained mutation: Your flesh is cold resistant. [mutagenic meat]
  9469 | D:7      | Gained mutation: You have a pair of small horns on your head. [mutagenic meat]
  9470 | D:7      | Gained mutation: You evolve. [mutagenic meat]
  9546 | D:7      | Found a staircase to the Ecumenical Temple.
  9668 | D:7      | Noticed Dowan
  9670 | D:7      | Noticed Duvessa
  9677 | D:7      | Killed Duvessa
  9681 | D:7      | Killed Dowan
  9782 | D:7      | Reached skill level 6 in Armour
  9803 | D:7      | Found a shattered altar of Ashenzari.
  9803 | D:7      | Noticed Pikel
  9927 | D:7      | Killed Pikel
 10298 | D:8      | Found Kifiguw's Magic Scroll Emporium.
 10335 | D:8      | Bought a scroll of enchant armour for 112 gold pieces
 10335 | D:8      | Bought a scroll of blinking for 112 gold pieces
 10530 | D:8      | Reached XP level 10. HP: 79/79 MP: 15/15
 10608 | D:8      | Found a staircase to the Lair.
 10836 | D:8      | Noticed Gastronok
 10862 | D:8      | Killed Gastronok
 10862 | D:8      | Reached skill level 7 in Armour
 10862 | D:8      | Reached skill level 5 in Evocations
 11309 | D:9      | Gained mutation: Your mind is acute. (Int +2) [evolution]
 11374 | D:9      | Lost mutation: Your flesh is cold resistant. [mutagenic meat]
 11375 | D:9      | Gained mutation: You are frail (-10% HP). [mutagenic meat]
 11578 | D:9      | Noticed CALLOUS's ghost (novice DsSu)
 11621 | D:9      | Killed CALLOUS's ghost
 11621 | D:9      | Reached skill level 8 in Armour
 11848 | D:10     | Entered Level 10 of the Dungeon
 11852 | D:10     | Noticed Grum
 11946 | D:10     | Killed Grum
 11964 | D:10     | Noticed a hill giant
 11978 | D:10     | Killed a hill giant
 11978 | D:10     | Reached ***** piety under Lugonu
 11978 | D:10     | Gained mutation: Your magical and physical power is slightly enhanced at high health. [demonic ancestry]
 11978 | D:10     | Reached XP level 11. HP: 33/77 MP: 17/17
 12328 | D:10     | Noticed a hill giant
 12344 | D:10     | Killed a hill giant
 12710 | D:10     | Reached skill level 9 in Armour
 13313 | Lair:1   | Entered Level 1 of the Lair of Beasts
 13453 | Lair:1   | Gained mutation: You are covered in fur (AC +1). [evolution]
 14373 | Lair:1   | You fall through a shaft!
 14399 | Lair:2   | Gained mutation: You are mostly covered in iridescent scales (AC +6). [demonic ancestry]
 14399 | Lair:2   | Reached XP level 12. HP: 79/86 MP: 18/18
 14558 | Lair:2   | Reached skill level 10 in Fighting
 14574 | Lair:2   | Reached ****** piety under Lugonu
 14632 | Lair:2   | Reached skill level 10 in Armour
 14802 | Lair:2   | Found a labyrinth entrance.
 14849 | Lab      | Entered a labyrinth
 15135 | Lab      | Noticed a minotaur
 15141 | Lab      | Killed a minotaur
 15141 | Lab      | Reached skill level 5 in Maces & Flails
 15171 | Lab      | Got an encrusted mace
 15176 | Lair:2   | Identified the cursed +2 mace of Qetat {crush, Int+3} (You found it in a labyrinth)
 16796 | Lair:3   | Gained mutation: You regenerate slowly when monsters are visible. [evolution]
 17277 | Lair:4   | Found a staircase to the Swamp.
 17282 | Lair:4   | Noticed Sonja
 17968 | Lair:4   | Noticed a seven-headed hydra
 17981 | Lair:4   | Killed a seven-headed hydra
 17981 | Lair:4   | Reached skill level 10 in Invocations
 18372 | Lair:4   | Cast into level 1 of the Abyss (Sonja)
 18447 | Abyss:1  | Found a corrupted altar of Lugonu.
 18495 | Lair:4   | Escaped the Abyss
 18823 | Lair:4   | Reached skill level 11 in Armour
 18968 | Lair:4   | Cast into level 2 of the Abyss (Sonja)
 18986 | Lair:4   | Escaped the Abyss
 18988 | Lair:4   | Slain by Sonja

Skill      XL: |  1  2  3  4  5  6  7  8  9 10 11 12 |
---------------+-------------------------------------+-----
Dodging        | 1 2 3 4 |  4.8
Axes           | 2 3 4 |  4.9
Invocations    | 3 4 5 7 8 9 10 | 10.2
Armour         | 2 3 4 5 6 8 9 11 | 11.0
Fighting       | 4 5 6 7 8 9 10 | 10.7
Evocations     | 1 2 3 4 5 6 7 |  7.8
Shields        | 2 3 4 |  4.3
Maces & Flails | 1 3 4 6 |  6.0

Action                   |  1- 3 |  4- 6 |  7- 9 | 10-12 || total
-------------------------+-------+-------+-------+-------++-------
Melee: Hand axe          |    90 |   368 |   713 |       ||  1171
       Kick              |     5 |       |       |       ||     5
       Whip              |       |       |   169 |   801 ||   970
       Headbutt          |       |       |    16 |   173 ||   189
       Peck              |       |       |    15 |   180 ||   195
       War axe           |       |       |       |    13 ||    13
Throw: Javelin           |       |       |       |     1 ||     1
Invok: Depart the Abyss  |     1 |       |       |     2 ||     3
Evoke: Wand              |       |     4 |       |       ||     4
  Use: Scroll            |     2 |     6 |    13 |    14 ||    35
       Potion            |     1 |     1 |     7 |     7 ||    16
  Eat: Chunk             |     1 |     9 |    20 |    21 ||    51
       Bread ration      |       |       |     2 |     2 ||     4
       Fruit             |       |       |     1 |     2 ||     3
Armor: Leather armour    |    21 |       |       |       ||    21
       Ring mail         |    21 |   114 |       |       ||   135
       Chain mail        |       |    97 |   281 |       ||   378
       Plate armour      |       |       |   411 |   564 ||   975
       Skin              |       |       |    45 |       ||    45
Dodge: Dodged            |    78 |   267 |   320 |   248 ||   913
Block: Buckler           |       |       |    82 |   186 ||   268
